 Dungeon Sprint DCSS version 0.28.0-43-g3370ac3207 (webtiles) character file.

Game seed: 2199790940027296991

10943 boopmooplesden the Severer (level 11, -11/186 HPs)
             Began as a Minotaur Berserker on Mar 15, 2022.
             Was the Champion of Trog.
             Mangled by a lorocyproca (25 damage)
             ... in the Dungeon (Sprint I: "Red Sonja").
             The game lasted 00:07:44 (2350 turns).

boopmooplesden the Severer (Minotaur Berserker)     Turns: 2350, Time: 00:07:45

Health: -11/186    AC: 11    Str: 25 (26) XL:     11   Next: 42%
Magic:  0/7        EV:  9    Int:  5 (8)  God:    Trog [******]
Gold:   228        SH:  0    Dex:  5 (6)  Spells: 10/10 levels left

rFire   . . .      SeeInvis .   v - +1 executioner's axe (vorpal)
rCold   + . .      Faith    .   (shield currently unavailable)
rNeg    + . .      Spirit   .   a - +0 plate armour {rC+}
rPois   +          Reflect  .   w - +0 hat of Zowiuwid {rCorr Int+8 Dex-5 Stlth-}
rElec   .          Harm     .   (no cloak)
rCorr   +          Rampage  .   t - +1 pair of gloves "Meabosa" {Dex+7}
Will    .....      NoTele   +   (no boots)
Stlth   ..........              (no amulet)
HPRegen 0.41/turn               u - ring of Mizoyf {rPois rN+ Str+4 Dex-4}
MPRegen 0.10/turn               (no ring)

@: berserking, unable to read, very quick
A: horns 2, retaliatory headbutt, clumsy 2, deformed body, deterioration 2,
dopey 2, low MP 2, screaming 1, weak 1, inability to read while threatened
a: Renounce Religion, Berserk, Trog's Hand, Brothers in Arms


You were in the Dungeon.
You worshipped Trog.
Trog was exalted by your worship.
You visited 1 branch You collected 1670 gold pieces.
You spent 1442 gold pieces at shops.

Inventory:

Hand Weapons
 m - a +3 hand axe
 n - a +4 vorpal battleaxe
 v - a +1 vorpal executioner's axe (weapon)
Armour
 a - a +0 plate armour of cold resistance (worn)
 b - a +2 robe
 t - the +1 pair of gloves "Meabosa" (worn) {Dex+7}
   (You bought it in a shop in the Dungeon)

   Dex:       It affects your dexterity (+7).
 w - the +0 hat of Zowiuwid (worn) {rCorr Int+8 Dex-5 Stlth-}
   (You bought it in a shop in the Dungeon)

   Int:       It affects your intelligence (+8).
   Dex:       It affects your dexterity (-5).
   rCorr:     It protects you from acid and corrosion.
   Stlth:     It makes you less stealthy.
Jewellery
 j - a ring of ice
 u - the ring of Mizoyf (left hand) {rPois rN+ Str+4 Dex-4}
   (You bought it in a shop in the Dungeon)

   [ring of poison resistance]

   Str:       It affects your strength (+4).
   Dex:       It affects your dexterity (-4).
   rPois:     It protects you from poison.
   rN:        It protects you from negative energy.
Wands
 i - a wand of digging (3)
 q - a wand of acid (4)
Scrolls
 h - a scroll of blinking
 k - a scroll of silence
 l - a scroll of immolation
Potions
 c - 3 potions of curing
 d - a potion of heal wounds
 e - a potion of haste
 f - 2 potions of magic
 g - a potion of berserk rage
 r - a potion of attraction


   Skills:
 + Level 19.9 Fighting
 + Level 20.4 Axes
 + Level 9.7 Armour
 + Level 13.2 Dodging
 + Level 6.3 Stealth


You had 10 spell levels left.
You didn't know any spells.
Your spell library was empty.

Dungeon Overview and Level Annotations

Branches:
Dungeon (1/1)

Altars:
Cheibriados
Dithmenos
Elyvilon
Fedhas
Gozag
Hepliaklqana
Kikubaaqudgha
Makhleb
Nemelex Xobeh
Okawaru
Qazlal
Ru
Sif Muna
Trog
Uskayaw
Vehumet
Wu Jian
Xom
Yredelemnul
Zin
The Shining One
Jiyva
Lugonu

Shops:
D =[[*[((=:(:*?*=*[![[=


Innate Abilities, Weirdness & Mutations

You have a pair of horns on your head.
You reflexively headbutt those who attack you in melee.
You are very clumsy. (Dex -4)
Armour fits poorly on your strangely shaped body.
Your body often deteriorates upon taking damage.
You are very dopey. (Int -4)
Your magical capacity is very low. (-20% MP)
You occasionally shout uncontrollably at your foes.
You are weak. (Str -2)
You sometimes lose the ability to read scrolls when taking damage.


Message History

You now have 228 gold pieces (gained 12).
You feel your willpower return.
There is an open door here.
Really walk into a travel-excluded area? [Y]es or [N]o only, please.
Really walk into a travel-excluded area? [Y]es or [N]o only, please.
Really walk into a travel-excluded area?
As you open the door, it creaks loudly!
A meliai comes into view. It is wielding a +0 broad axe.
The meliai buzzes angrily.
Found 162 gold pieces.
Unknown command.
You hear a chilling moan.
There is an open door here.
The meliai mumbles some strange prayers to its god against you.
Something smites you!
Your body deteriorates!
You feel weakened.
You open the door.
The meliai calls down the wrath of its god upon you.
Something smites you!
Found a glowing trident.
Something hits you!
You feel threatened and lose the ability to read scrolls!
Your body deteriorates!
You feel dopey.
You feel your power leaking away.
Deactivating autopickup; reactivate with Ctrl-A.
There is an open door here.
You see here a +2 trident of protection.
You closely miss something. You headbutt something. Something hits you!!
Your body deteriorates!
You feel dopey.
You slice something!! Your headbutt misses something. Something hits you!
Your body deteriorates!
You feel clumsy.
You barely miss something. Your headbutt misses something. Something hits you!!
* * * LOW HITPOINT WARNING * * *
Your body deteriorates!
You feel dopey.
You closely miss something. Something hits you!
* * * LOW HITPOINT WARNING * * *
A red film seems to cover your vision as you go berserk!
You feel yourself moving faster!
You feel mighty! Something hits you!!
You die...

###################
#__#..'.).#..#§§..+
'..'..#)..##'#.####
#__####...)..#.#@###
####.§#####..§.#{#$###
#§§§.§#..##§####..$#y#
§≈§)).'§.#○§§..#°.$###
#§§≈§§#..#°○..°'..$$$#
##'#####'###○○○#..°..#
#.)).###.'.#.°○###++##
##[###.###.#.○##
§....'[∩##.#○○#


There were no monsters in sight!

Vanquished Creatures
  2 centaur warriors (D)
  Sonja (D)
  A deep troll (D)
  A lindwurm (D)
  An oklob plant (D)
  8 shining eyes (D)
  2 unseen horrors (D)
  A gargoyle (D)
  2 kobold demonologists (D)
  4 demonic crawlers (D)
  A hornet (D)
  A slime creature (D)
  A yak (D)
  Sigmund (D)
  2 redbacks (D)
  6 floating eyes (D)
  7 necrophages (D)
  An ogre (D)
  8 jellies (D)
  Ijyb (D)
52 creatures vanquished.

Vanquished Creatures (others)
  2 ballistomycete spores (D)
2 creatures vanquished.

Grand Total: 54 creatures vanquished

Notes
Turn   | Place    | Note
-------+----------+-------------------------------------------
     0 | D        | boopmooplesden the Minotaur Berserker began the quest for
                  | the Orb.
     0 | D        | Reached XP level 1. HP: 19/19 MP: 0/0
     1 | D        | Noticed Ijyb
     7 | D        | Killed Ijyb
     8 | D        | Reached skill level 5 in Fighting
     8 | D        | Reached skill level 5 in Axes
     8 | D        | Reached XP level 2. HP: 15/30 MP: 1/1
   171 | D        | Noticed an ogre
   175 | D        | Killed an ogre
   176 | D        | Reached skill level 7 in Axes
   176 | D        | Reached XP level 3. HP: 40/40 MP: 2/2
   176 | D        | Reached XP level 4. HP: 48/48 MP: 3/3
   233 | D        | Noticed Sigmund
   239 | D        | Killed Sigmund
   239 | D        | Reached ** piety under Trog
   240 | D        | Reached skill level 9 in Axes
   240 | D        | Reached skill level 5 in Armour
   240 | D        | Reached skill level 5 in Dodging
   240 | D        | Reached XP level 5. HP: 58/58 MP: 4/4
   278 | D        | Found a shimmering blue altar of Sif Muna.
   279 | D        | Found an ornate altar of the Wu Jian Council.
   280 | D        | Found a radiant altar of Vehumet.
   286 | D        | Reached skill level 10 in Fighting
   286 | D        | Reached skill level 10 in Axes
   286 | D        | Reached XP level 6. HP: 43/66 MP: 5/5
   397 | D        | Found Defegg Yvap's General Store.
   397 | D        | Found an ancient bone altar of Kikubaaqudgha.
   397 | D        | Found a hazy altar of Hepliaklqana.
   397 | D        | Found a stormy altar of Qazlal.
   397 | D        | Found a hide-covered altar of Uskayaw.
   397 | D        | Found a blossoming altar of Fedhas.
   397 | D        | Found a bloodstained altar of Trog.
   397 | D        | Found an iron altar of Okawaru.
   397 | D        | Found a basalt altar of Yredelemnul.
   397 | D        | Found a glowing golden altar of the Shining One.
   397 | D        | Found a snail-covered altar of Cheibriados.
   397 | D        | Found a sacrificial altar of Ru.
   397 | D        | Found a glowing silver altar of Zin.
   397 | D        | Found a shadowy altar of Dithmenos.
   397 | D        | Found a white marble altar of Elyvilon.
   397 | D        | Noticed a yak
   404 | D        | Killed a yak
   405 | D        | Reached skill level 11 in Axes
   405 | D        | Found an opulent altar of Gozag.
   406 | D        | Found a sparkling altar of Nemelex Xobeh.
   480 | D        | Found a viscous altar of Jiyva.
   480 | D        | Found a corrupted altar of Lugonu.
   480 | D        | Noticed a slime creature
   481 | D        | Found a burning altar of Makhleb.
   481 | D        | Found a shimmering altar of Xom.
   485 | D        | Killed a slime creature
   486 | D        | Reached skill level 12 in Axes
   486 | D        | Reached skill level 1 in Stealth
   486 | D        | Reached XP level 7. HP: 77/77 MP: 6/6
   539 | D        | Noticed a kobold demonologist
   540 | D        | Noticed a kobold demonologist
   548 | D        | Killed a kobold demonologist
   548 | D        | Reached *** piety under Trog
   549 | D        | Reached skill level 13 in Axes
   550 | D        | Noticed a neqoxec
   550 | D        | Killed a kobold demonologist
   551 | D        | Reached XP level 8. HP: 88/88 MP: 7/7
   583 | D        | Noticed a demonic crawler
   583 | D        | Noticed a demonic crawler
   583 | D        | Noticed a demonic crawler
   583 | D        | Noticed a demonic crawler
   592 | D        | Killed a demonic crawler
   592 | D        | Reached **** piety under Trog
   593 | D        | Reached skill level 14 in Axes
   595 | D        | Noticed a gargoyle
   601 | D        | Killed a demonic crawler
   603 | D        | Killed a demonic crawler
   604 | D        | Reached skill level 15 in Fighting
   604 | D        | Reached skill level 15 in Axes
   604 | D        | Reached XP level 9. HP: 34/97 MP: 8/8
   608 | D        | Killed a demonic crawler
   612 | D        | Killed a gargoyle
   965 | D        | Noticed a lindwurm
   973 | D        | Killed a lindwurm
   973 | D        | Reached ***** piety under Trog
   974 | D        | Reached skill level 16 in Axes
  1010 | D        | Noticed a centaur warrior
  1010 | D        | Noticed a centaur warrior
  1022 | D        | Killed a centaur warrior
  1023 | D        | Reached skill level 10 in Dodging
  1029 | D        | Killed a centaur warrior
  1030 | D        | Reached skill level 17 in Axes
  1030 | D        | Reached XP level 10. HP: 111/111 MP: 9/9
  1163 | D        | Noticed a deep troll
  1170 | D        | Killed a deep troll
  1241 | D        | Received a gift from Trog
  1359 | D        | Noticed an oklob plant
  1367 | D        | Killed an oklob plant
  1539 | D        | Reached skill level 18 in Axes
  1720 | D        | Received a gift from Trog
  1723 | D        | Reached skill level 5 in Stealth
  1750 | D        | Received a gift from Trog
  1750 | D        | Reached ****** piety under Trog
  1772 | D        | Found Atur's Jewellery Shoppe.
  1772 | D        | Found Gitiex's Antique Weapon Shop.
  1772 | D        | Found Yferagui's Book Boutique.
  1774 | D        | Found Raerrab's Weapon Emporium.
  1774 | D        | Found Bobliov's Book Shop.
  1774 | D        | Found Mekast's Assorted Antiques.
  1774 | D        | Found Biemudev's Magic Scroll Boutique.
  1774 | D        | Found Vaoxerph's Assorted Antiques.
  1774 | D        | Found Kaiceoch's Jewellery Shop.
  1774 | D        | Found Ninet's General Store.
  1777 | D        | Found Dafaoq's Antique Armour Boutique.
  1780 | D        | Found Cyerrung's Antique Armour Emporium.
  1780 | D        | Found Makeqem's Distillery.
  1781 | D        | Found Resaug's Jewellery Emporium.
  1787 | D        | Bought a runed plate armour for 676 gold pieces
  1798 | D        | Bought a pair of slimy gloves for 247 gold pieces
  1798 | D        | Identified the +1 pair of gloves "Meabosa" {Dex+7} (You
                  | bought it in a shop in the Dungeon)
  1804 | D        | Bought the ring of Mizoyf {rPois rN+ Str+4 Dex-4} for 312
                  | gold pieces
  1840 | D        | Noticed Sonja
  1845 | D        | Killed Sonja
  1862 | D        | Found Tozen's Jewellery Boutique.
  1943 | D        | Noticed a shining eye
  1943 | D        | Noticed a shining eye
  1943 | D        | Noticed a shining eye
  1943 | D        | Gained mutation: You are dopey. (Int -2) [a shining eye]
  1943 | D        | Gained mutation: You are clumsy. (Dex -2) [a shining eye]
  1945 | D        | Paralysed by a floating eye for 3 turns
  1953 | D        | Reached skill level 19 in Axes
  1953 | D        | Reached XP level 11. HP: 122/122 MP: 10/10
  1956 | D        | Killed a shining eye
  1957 | D        | Killed a shining eye
  1958 | D        | Noticed a shining eye
  1958 | D        | Noticed a shining eye
  1958 | D        | Noticed a shining eye
  1960 | D        | Killed a shining eye
  1960 | D        | Received a gift from Trog
  1960 | D        | Gained mutation: Armour fits poorly on your strangely
                  | shaped body. [a shining eye]
  1961 | D        | Noticed a shining eye
  1961 | D        | Noticed a shining eye
  1962 | D        | Gained mutation: You are very clumsy. (Dex -4) [a shining
                  | eye]
  1962 | D        | Gained mutation: Your body sometimes deteriorates upon
                  | taking damage. [a shining eye]
  1964 | D        | Killed a shining eye
  1965 | D        | Lost intelligence.
  1965 | D        | Gained mutation: You are very dopey. (Int -4) [a shining
                  | eye]
  1965 | D        | Gained mutation: You sometimes lose the ability to read
                  | scrolls when taking damage. [a shining eye]
  1970 | D        | Gained mutation: You occasionally shout uncontrollably at
                  | your foes. [a shining eye]
  1971 | D        | Killed a shining eye
  1972 | D        | Gained mutation: Your magical capacity is low. (-10% MP) [a
                  | shining eye]
  1973 | D        | Gained mutation: Your body often deteriorates upon taking
                  | damage. [a shining eye]
  1973 | D        | Gained mutation: Your magical capacity is very low. (-20%
                  | MP) [a shining eye]
  1974 | D        | Killed a shining eye
  1975 | D        | Reached skill level 20 in Axes
  1976 | D        | Gained mutation: You are weak. (Str -2) [a shining eye]
  1978 | D        | Killed a shining eye
  1978 | D        | Killed a shining eye
  1995 | D        | Found Ekhy's Armour Shoppe.
  1995 | D        | Found Ufidafax's Antique Armour Shop.
  1995 | D        | Found Zoho's Armour Emporium.
  1995 | D        | Found Otronk's Antique Weapon Boutique.
  2012 | D        | Bought a steaming hat for 207 gold pieces
  2012 | D        | Identified the +0 hat of Zowiuwid {rCorr Int+8 Dex-5
                  | Stlth-} (You bought it in a shop in the Dungeon)
  2287 | D        | Found Sefraahu's Armour Emporium.
  2350 | D        | Mangled by a lorocyproca

Illustrated notes

Levels and vault maps discovered:
D:        dungeon_sprint_1 [red_sonja_temple_1, red_sonja_temple_small_1]

Skill      XL: |  1  2  3  4  5  6  7  8  9 10 11 |
---------------+----------------------------------+-----
Fighting       | 5 7 9 10 12 13 15 17 19 | 19.9
Axes           | 5 7 9 10 12 13 15 17 19 20 | 20.4
Armour         | 3 4 5 6 7 8 9 |  9.7
Dodging        | 3 4 5 6 7 8 10 12 13 | 13.2
Stealth        | 1 2 4 5 6 |  6.3

Action                   |  1- 3 |  4- 6 |  7- 9 | 10-12 || total
-------------------------+-------+-------+-------+-------++-------
Melee: Hand axe          |     7 |    17 |    54 |    63 ||   141
       Headbutt          |     3 |     4 |    13 |    25 ||    45
       Punch             |       |       |     1 |     1 ||     2
       Battleaxe         |       |       |       |    20 ||    20
       Executioner's axe |       |       |       |     4 ||     4
Invok: Berserk           |     1 |     3 |     4 |     8 ||    16
  Use: Scroll            |       |       |       |     5 ||     5
       Potion            |       |       |       |     1 ||     1
 Stab: Sleeping          |       |       |       |     2 ||     2
Armor: Robe              |       |     1 |     8 |     5 ||    14
       Plate armour      |       |       |       |     5 ||     5
Dodge: Dodged            |     4 |     4 |    50 |    32 ||    90
